AoeStats
← bestingame23

Arena

508353694Analyzed
4v4 RM · 11d ago on Sep 22, 2026· 46m 23s· 8 players
Game mode
Random Map
Map size
Large (8 player)
Population
200
Speed
Normal
Resources
Standard
Victory
Conquest
Starting age
Dark Age
Ending age
Imperial Age
RankedLock teamsTeams togetherTeam positionsShared explorationLock speedFull tech treeHidden civsTurbo modeCheats
Victory
Defeat
🇺🇸 Byzantines · United States
1115
+13
🇺🇸 Aztecs · United States
1115
+13
🇺🇸 Koreans · United States
1101
+14
🇺🇸 Franks · United States
1089
+14
🇺🇸 Hindustanis · United States
1131
-17
🇺🇸 Sicilians · United States
1035
-13
🇺🇸 Aztecs · United States
1031
-13
🇺🇸 Romans · United States
995
-11
帝国小菜鸡
11:07 Feudal Age
14:56 Castle Age
13:22 Double-Bit Axe
13:34 Horse Collar
16:22 Wheelbarrow
17:39 Bow Saw
21:21 Heavy Plow
21:56 Gold Mining
21:58 Stone Mining
22:56 Scale Barding Armor
23:58 Loom
24:37 Husbandry
25:47 Gold Shaft Mining
26:03 Hand Cart
26:49 Chain Barding Armor
26:42 Bloodlines
28:05 Forging
28:22 Grand Trunk Road
31:14 Imperial Age
29:43 Stone Shaft Mining
29:33 Padded Archer Armor
30:09 Iron Casting
30:08 Ballistics
29:42 Fletching
31:36 Leather Archer Armor
31:32 Scale Mail Armor
31:34 Squires
31:20 Arson
32:19 Conscription
32:00 Shatagni
33:04 Chemistry
32:11 Siege Engineers
32:01 Murder Holes
32:31 Heavy Camel Rider
33:27 Fortified Wall
33:55 Ring Archer Armor
36:17 Chain Mail Armor
37:03 Blast Furnace
36:11 Town Watch
38:01 Plate Barding Armor
37:22 Bodkin Arrow
37:31 Elite Ghulam
44:42 Masonry
44:30 Bodkin Arrow
max
10:35 Feudal Age
8:51 Loom
10:37 Feudal Age
15:46 Castle Age
14:47 Double-Bit Axe
14:55 Stone Mining
17:14 Stone Shaft Mining
19:11 Fletching
小虾米
0:27 Loom
12:56 Feudal Age
13:24 Double-Bit Axe
18:21 Castle Age
16:23 Horse Collar
17:36 Wheelbarrow
19:12 Bow Saw
19:03 Heavy Plow
24:20 Hand Cart
25:44 Stone Mining
25:45 Gold Mining
28:12 Scale Mail Armor
27:40 Man-at-Arms
30:16 Long Swordsman
30:17 Pikeman
30:57 Squires
31:50 Gold Shaft Mining
32:06 Fletching
32:16 Padded Archer Armor
32:27 Forging
32:43 Elite Skirmisher
38:18 Imperial Age
36:06 Chain Mail Armor
36:26 Iron Casting
38:45 Capped Ram
38:59 Halberdier
39:00 Legionary
44:11 Blast Furnace
44:14 Chemistry
43:10 Murder Holes
43:26 Fortified Wall
45:23 Bodkin Arrow
45:44 Leather Archer Armor
sicANDtwisted
9:45 Loom
13:25 Feudal Age
19:51 Horse Collar
22:06 Double-Bit Axe
24:13 Scale Mail Armor
28:03 Forging
27:43 Fletching
32:16 Castle Age
33:07 Padded Archer Armor
bestingame23
10:49 Feudal Age
9:24 Loom
12:43 Fletching
18:07 Double-Bit Axe
21:29 Horse Collar
26:24 Castle Age
27:04 Bodkin Arrow
26:50 Crossbowman
27:34 Gold Mining
28:24 Thumb Ring
28:47 Squires
28:36 Arson
29:28 Wheelbarrow
29:37 Scale Mail Armor
32:56 Ballistics
33:12 Chain Mail Armor
33:17 Town Watch
36:06 Hand Cart
36:37 Bow Saw
40:35 Imperial Age
40:38 Arbalester
42:54 Two-Man Saw
41:58 Bracer
42:30 Plate Mail Armor
43:02 Chemistry
42:09 Siege Engineers
42:58 Heavy Plow
Slaylan
11:31 Feudal Age
12:35 Double-Bit Axe
16:29 Castle Age
15:45 Loom
16:34 Scale Mail Armor
17:36 Forging
18:43 Stone Mining
19:03 Pikeman
27:16 Chain Mail Armor
27:36 Iron Casting
29:31 Wheelbarrow
29:21 Arson
29:36 Squires
30:49 Gold Mining
35:59 Hand Cart
38:39 Imperial Age
37:51 Gold Shaft Mining
37:13 Horse Collar
37:47 Bow Saw
39:15 Town Watch
38:58 Elite Jaguar Warrior
40:40 Plate Mail Armor
41:11 Blast Furnace
41:09 Stone Shaft Mining
42:03 Garland Wars
42:54 Conscription
Skymall
11:57 Feudal Age
17:33 Castle Age
15:21 Loom
15:48 Double-Bit Axe
17:52 Horse Collar
18:13 Fletching
18:38 Bow Saw
24:10 Bodkin Arrow
29:55 Wheelbarrow
35:46 Imperial Age
34:47 Hand Cart
35:47 Ballistics
38:31 Chemistry
39:02 Conscription
39:19 Hoardings
39:21 Gold Mining
42:49 Two-Man Saw
42:57 Scale Barding Armor
43:02 Forging
42:26 Elite Cataphract
44:33 Gold Shaft Mining
44:51 Chain Barding Armor
45:07 Iron Casting
45:38 Logistica
45:47 Husbandry
alinnster
12:09 Feudal Age
12:48 Loom
12:46 Man-at-Arms
20:09 Double-Bit Axe
20:54 Gold Mining
22:12 Stone Mining
25:16 Castle Age
23:27 Scale Mail Armor
23:37 Forging
24:27 Scale Barding Armor
26:22 Fletching
27:37 Ballistics
27:24 Husbandry
29:37 Guard Tower
33:39 Imperial Age
32:06 Murder Holes
32:43 Pikeman
35:13 Gold Shaft Mining
35:25 Bodkin Arrow
35:48 Fortified Wall
35:52 Masonry
36:32 Squires
38:25 Iron Casting
41:41 Wheelbarrow
42:24 Chain Barding Armor
42:48 Hand Cart
46:38 Imperial Age
Connection lost

Rejoining the realm…

Still unreachable

The connection could not be restored.

Session expired

The server has moved on; the page needs a fresh start.